 Dungeon Crawl Stone Soup version 0.29-a0-284-gf9362112df (webtiles) character file.

Game seed: 15438629076558721559

107 bande the Covered (level 4, 0/29 HPs)
             Began as a Gargoyle Fighter on Mar 22, 2022.
             Killed from afar by an orc wizard (7 damage)
             ... with a magic dart
             ... on level 3 of the Dungeon.
             The game lasted 00:03:19 (2327 turns).

bande the Covered (Gargoyle Fighter)                Turns: 2327, Time: 00:03:20

Health: 0/29       AC: 10    Str: 19    XL:     4   Next: 86%
Magic:  4/4        EV:  9    Int:  9    God:
Gold:   127        SH:  4    Dex: 11    Spells: 3/3 levels left

rFire   . . .      SeeInvis .   a - +1 war axe
rCold   . . .      Faith    .   c - +0 buckler
rNeg    + . .      Spirit   .   b - +0 scale mail
rPois   ∞          Reflect  .   (no helmet)
rElec   +          Harm     .   (no cloak)
rCorr   .          Rampage  .   (no gloves)
Will    .....                   (no boots)
Stlth   ..........              (no amulet)
HPRegen 0.09/turn               (no ring)
MPRegen 0.09/turn               (no ring)

@: no status effects
A: sickness immunity, AC +3, negative energy resistance 1, electricity
resistance, torment resistance 1, petrification resistance
a: no special abilities


You were on level 3 of the Dungeon.
You visited 1 branch of the dungeon, and saw 3 of its levels.

You collected 127 gold pieces.

Inventory:

Hand Weapons
 a - a +1 war axe (weapon)
Missiles
 g - a throwing net (quivered)
Armour
 b - a +0 scale mail (worn)
 c - a +0 buckler (worn)
Scrolls
 h - a scroll of silence
Potions
 d - a potion of might
 e - 3 potions of heal wounds {unknown}
 f - 2 potions of berserk rage
 i - a potion of curing {unknown}
 k - 2 potions of mutation {unknown}


   Skills:
 + Level 3.9 Fighting
 + Level 3.1 Axes
 + Level 4.1 Armour
 + Level 3.7 Shields


You had 3 spell levels left.
You didn't know any spells.
Your spell library was empty.

Dungeon Overview and Level Annotations

Branches:
Dungeon (3/15)

Altars:


Innate Abilities, Weirdness & Mutations

You are immune to sickness and miasma.
Your stone body is resilient. (AC +3)
You are immune to poison.
You resist negative energy. (rN+)
You are resistant to electric shocks. (rElec)
You are resistant to unholy torment.
You are immune to petrification.


Message History

Unknown command.
You closely miss something. You miss something.
You feel less confused.
Something hits you but does no damage. x2; Something hits you.
Something hits you but does no damage.
You miss something. You closely miss something.
Something hits you but does no damage. Something hits you.
Unknown command.
You hit something but do no damage. You miss something. Something hits you.
Something hits you but does no damage. x3
You slash something!
Reactivating autopickup.
You feel a bit more experienced.
You miss something. The ball python bites you.
The ball python barely misses you. Something hits you but does no damage.
Deactivating autopickup; reactivate with Ctrl-A.
Your Axes skill increases to level 3!
You hit the ball python.
You kill the ball python!
You closely miss something. Something hits you but does no damage.
You barely miss the frilled lizard. You closely miss something.
You block something's attack.
The frilled lizard completely misses you.
You slash the frilled lizard!
You kill the frilled lizard!
You barely miss something.
You hear some strange, mumbled words.
A puff of flame appears from out of thin air!
The puff of flame hits you but does no damage.
Something hits you.
* * * LOW HITPOINT WARNING * * *
You slash something! Something hits you but does no damage.
You barely miss something.
You hear some strange, mumbled words.
A puff of flame appears from out of thin air!
The puff of flame misses you. Something hits you but does no damage.
You miss something.
You hear some strange, mumbled words.
A magic dart appears from out of thin air!
The magic dart hits you!
You die...

#...###.##
###.##...###### #.
#.#)......... ..
#.#.)..##### .# #.#.#<##
.# #.#.#.# .# #.#.#.# .#
# #...#.# ###{#..###
#####.# #.@)......
########.######.###..###
................# ...
#######.#######.###.# #
#...>.........#
###############


There were no monsters in sight!

Vanquished Creatures
  An orc wizard (D:3)
  2 adders (D:2)
  2 dart slugs (D:2)
  2 orcs
  3 bats
  3 endoplasms
  3 giant cockroaches (D:2)
  4 goblins
  2 hobgoblins
  6 jackals (D:2)
  3 kobolds
  3 quokkas
  9 ball pythons
  3 frilled lizards
  7 rats
53 creatures vanquished.

Notes
Turn   | Place    | Note
-------+----------+-------------------------------------------
     0 | D:1      | bande the Gargoyle Fighter began the quest for the Orb.
     0 | D:1      | Reached XP level 1. HP: 14/14 MP: 1/1
   251 | D:1      | Reached XP level 2. HP: 19/19 MP: 2/2
   486 | D:1      | Found a faded altar of an unknown god.
  1020 | D:2      | You fall into a shaft and drop 1 floor!
  1082 | D:2      | Reached XP level 3. HP: 20/23 MP: 3/3
  1605 | D:2      | Reached XP level 4. HP: 17/29 MP: 4/4
  1616 | D:2      | Reached skill level 4 in Armour
  2327 | D:3      | Killed from afar by an orc wizard

Illustrated notes

Levels and vault maps discovered:
D:1:      heliophobic_arrival_glass_houses, layout_loops_ring,
          basic_ecumenical_altar, chequers_serial_rivers_large_a,
          solitary_fountain
D:2:      minmay_chambers_of_twos, layout_loops_cross, minmay_quadrilaterals
D:3:      layout_loops_ring, chequers_temple_overflow_statue_of_worship,
          minmay_misc_feat_five

Skill      XL: |  1  2  3  4 |
---------------+-------------+-----
Axes           | 2 3 |  3.1
Armour         | 4 |  4.1
Fighting       | |  3.9
Shields        | |  3.7

Action                   |  1- 3 |  4- 6 || total
-------------------------+-------+-------++-------
Melee: War axe           |   106 |    41 ||   147
  Use: Scroll            |     3 |     2 ||     5
Armor: Scale mail        |    81 |    31 ||   112
Dodge: Dodged            |    59 |    15 ||    74
Block: Buckler           |    29 |     6 ||    35

Table legend: (Time is in decaauts)
 A = Elapsed time spent in this place.
 B = Non-inter-level travel time spent in this place.
 C = Inter-level travel time spent in this place.
 D = Time resting spent in this place.
 E = Time spent auto-exploring this place.
 F = Levels seen in this place.
 G = Mean time per level.
                   A        B        C        D        E       F      G
               +--------+--------+--------+--------+--------+-----+--------+
         Total |   2398 |   2329 |     69 |    132 |   1771 |   3 |  799.3 |
       Dungeon |   2398 |   2329 |     69 |    132 |   1771 |   3 |  799.3 |
               +--------+--------+--------+--------+--------+-----+--------+

Top non-repeatable levels by time:
     D:2: 1194 daAuts
     D:1: 984 daAuts
     D:3: 218 daAuts
